 Dungeon Crawl Stone Soup version 0.31-a0-544-gceb718ecc6 (webtiles) character file.

Game seed: 4360323334447009768

11750 NinjaNoafa the Fighter (level 12, 0/91 HPs)
             Began as a Djinni Ice Elementalist on Aug 13, 2023.
             Slain by a two-headed ogre
             ... wielding a +0 giant club
              (23 damage)
             ... on level 11 of the Dungeon on Aug 15, 2023.
             The game lasted 00:29:06 (8874 turns).

NinjaNoafa the Fighter (Djinni Ice Elementalist)    Turns: 8874, Time: 00:29:07

Health: 0/91       AC: 27    Str: 16    XL:     12   Next: 11%
Gold:   652        EV: 10    Int: 21    God:
                   SH:  0    Dex: 15

rFire   + + .        t - +3 hand axe (freeze)
rCold   x . .        (no shield)
rNeg    . . .        f - +7 chain mail
rPois   ∞            k - +2 hat
rElec   .            D - +2 cloak
rCorr   .            l - +2 pair of gloves {Str+3}
SInv    .            (boots unavailable)
Will    +....        (no amulet) Stlth
                     B - +6 ring of strength
HPRegen 0.35/turn    (no ring)
MPRegen 0.00/turn

%: infuse magic (-1 HP)
@: flying
A: sickness immunity, fire resistance 2, cold vulnerability 1, float, innate
caster, HP casting, extra vitality 1
a: no special abilities


You were on level 11 of the Dungeon.
You visited 2 branches of the dungeon, and saw 12 of its levels.
You also visited: Bailey.

You collected 652 gold pieces.

Inventory:

Hand Weapons
 t - a +3 hand axe of freezing (weapon)
 z - a +2 war axe of electrocution
Missiles
 j - 23 poisoned darts
 q - 4 boomerangs
 s - a throwing net
 u - a curare-tipped dart
 x - 5 darts of dispersal
 M - 3 silver javelins
Armour
 f - a +7 chain mail (worn)
 k - a +2 hat (worn)
 l - a +2 pair of gloves of strength (worn)
 D - a +2 cloak (worn)
Jewellery
 B - a +6 ring of strength (left hand)
Wands
 p - a wand of polymorph (21)
 r - a wand of mindburst (24)
 w - a wand of flame (40)
 E - a wand of iceblast (9)
Scrolls
 b - a scroll of noise {unknown}
 c - 5 scrolls of poison {unknown}
 d - 2 scrolls of amnesia
 e - a scroll of enchant armour
 i - 3 scrolls of revelation
 m - 5 scrolls of teleportation {unknown}
 y - 2 scrolls of fog {unknown}
 C - 2 scrolls of immolation {unknown}
 F - 2 scrolls of brand weapon
 J - a scroll of enchant weapon
 L - a scroll of vulnerability
 N - a scroll of butterflies {unknown}
Potions
 a - 2 potions of invisibility {unknown}
 g - 3 potions of curing
 n - a potion of attraction
 o - 2 potions of degeneration
 v - 2 potions of lignification
 A - 3 potions of might
 G - 3 potions of magic {unknown}
 H - 3 potions of heal wounds
 I - 3 potions of resistance {unknown}
 K - a potion of mutation {unknown}


   Skills:
 - Level 10.0 Fighting
 + Level 9.2 Armour
 - Level 6.0 Dodging
 - Level 1.5 Stealth
 - Level 8.9 Spellcasting
 - Level 8.9 Conjurations
 - Level 8.9 Hexes
 - Level 8.9 Summonings
 - Level 8.9 Necromancy
 - Level 8.9 Translocations
 - Level 8.9 Transmutations
 - Level 8.9 Fire Magic
 - Level 8.9 Ice Magic
 - Level 8.9 Air Magic
 - Level 8.9 Earth Magic
 - Level 8.9 Poison Magic
 - Level 4.0 Evocations


You knew the following spells:

 Your Spells              Type           Power      Damage    Failure   Level
a - Freeze                Ice            100%       1d10      1%          1
b - Frozen Ramparts       Ice            92%        1d14      4%          3
c - Ozocubu's Armour      Ice            46%        N/A       4%          3
d - Summon Ice Beast      Ice/Summ       46%        N/A       16%         4
e - Petrify               Tmut/Erth      46%        N/A       16%         4
f - Passwall              Tmut/Erth      38%        N/A       2%          2
g - Wereblood             Tmut           46%        N/A       2%          2
h - Animate Armour        Summ/Erth      92%        N/A       16%         4
i - Sting                 Tmut/Pois      100%       1d8       1%          1
Your spell library was empty.

Dungeon Overview and Level Annotations

Branches:
Dungeon (11/15) Zot: 26884  Temple (1/1) D:5 Zot: 5980    Lair (0/5) D:8
 Bailey (visited)
    Orc: D:9-12

Altars:
Ashenzari
Cheibriados
Dithmenos
Elyvilon
Fedhas
Gozag
Hepliaklqana
Makhleb
Nemelex Xobeh
Okawaru
Qazlal
Ru
Trog
Uskayaw
Wu Jian
Xom
Yredelemnul
Zin
The Shining One


Innate Abilities, Weirdness & Mutations

You are immune to sickness and miasma.
You are immune to poison.
Your flesh is very heat resistant. (rF++)
You are vulnerable to cold. (rC-)
You float through the air rather than walking.
You learn spells naturally, not from books.
Your magical power is your life essence.
You have superior vitality. (+4 MHP)


Message History

The two-headed ogre hits your animated chain mail with a +0 giant club!
Your animated chain mail is destroyed!
Your animated chain mail disappears in a puff of smoke!
Something hits you but does no damage.
You barely miss something.
Something hits you but does no damage. x2
The two-headed ogre hits you but does no damage.
The two-headed ogre barely misses you.
Something hits you but does no damage. x2
The two-headed ogre closely misses your ice beast.
The two-headed ogre hits your ice beast with a +0 giant club.
Something hits you!
* * * LOW HITPOINT WARNING * * *
You take 7 damage, and have 31/91 hp.
What are your orders? t - Shout!
Orders for allies: a - Attack new target. r - Retreat! s - Stop attacking. g - Guard the area. f - Follow me.
Anything else - Cancel.
Gang up on whom?
Press: ? - help, Dir - move target, f - two-headed ogre
Aim: a two-headed ogre, wielding two +0 giant clubs (almost dead) Attack!
The two-headed ogre hits your ice beast with a +0 giant club!! x2
Your ice beast dies!
Your ice beast disappears in a puff of smoke!
Something hits you but does no damage.
Unknown command.
Unknown command.
Casting: Animate Armour (dangerous; 16% risk of failure)
* * * LOW HITPOINT WARNING * * *
Something hits you.
* * * LOW HITPOINT WARNING * * *
Something hits you but does no damage.
You take 9 damage, and have 22/91 hp.
Unknown command.
You hit the two-headed ogre. You freeze the two-headed ogre.
Something hits you but does no damage. x2
The two-headed ogre hits you with a +0 giant club!!
You die...

#.. .. .......
....##. .......
....... .......
................
........ .........
#. ........
......... #.
........ .......$.
##
........###........
.
........@##........
.
......:#O#.........
## .......#[..(#
....
.......§.#.####...
###
.......)[####...>
..# .....##[[.....#
.... #...
#......#####.... .
### #.......#......
.. ###........# ..


You could see a two-headed ogre (ally target) and a friendly animated chain mail
(summoned).

Vanquished Creatures
  An unseen horror (D:10)
  A wyvern (D:10)
  2 ice beasts
  2 orc warriors
  A sky beast (D:8)
  3 bullfrogs
  A kobold brigand (D:7)
  A wight (D:7)
  4 killer bees
  A howler monkey (D:5)
  Crazy Yiuf (D:5)
  4 hounds
  A jelly (D:6)
  4 orc wizards
  4 adders
  8 gnolls
  A white imp (D:6)
  An ufetubus (D:5)
  A worm (D:3)
  2 dart slugs (D:3)
  23 orcs
  5 endoplasms
  8 giant cockroaches
  7 goblins
  4 hobgoblins
  8 kobolds
  2 quokkas
  8 ball pythons
  7 bats
  2 frilled lizards
  A rat (D:2)
119 creatures vanquished.

Vanquished Creatures (collateral kills)
  A two-headed ogre (D:11)
  3 death yaks (D:8)
  4 skeletal warriors (D:8)
  An orc knight (Bailey)
  A troll (D:9)
  A tyrant leech (D:10)
  2 hornets
  Grinder (D:5)
  A wyvern (D:9)
  Sigmund (D:5)
  A shadow (D:10)
  2 swamp worms (D:10)
  An acid dragon (D:8)
  8 orc warriors
  A black bear (D:5)
  2 ogres (D:4)
  2 centaurs
  A kobold brigand (D:9)
  A scorpion (D:6)
  5 bullfrogs
  2 gnoll sergeants
  11 wights
  7 killer bees
  2 howler monkeys (D:7)
  A hound (D:6)
  3 orc priests
  A sleepcap (D:7)
  2 iguanas
  8 orc wizards
  A nameless horror (D:8)
  8 gnolls
  2 adders
  A white imp (D:5)
  24 orcs
  4 kobolds
  A quokka (D:8)
  2 rats (D:8)
120 creatures vanquished.

Grand Total: 239 creatures vanquished

Notes
Turn   | Place    | Note
-------+----------+-------------------------------------------
     0 | D:1      | NinjaNoafa the Djinni Ice Elementalist began the quest for
                  | the Orb.
     0 | D:1      | NinjaNoafa set off with the following spells memorised:
                  | Freeze, Frozen Ramparts, Ozocubu's Armour, Summon Ice
                  | Beast.
     0 | D:1      | Reached XP level 1. HP: 15/15 MP: 0/0
   302 | D:1      | Reached XP level 2. HP: 13/22 MP: 0/0
   442 | D:1      | Reached skill level 1 in Fighting
   767 | D:1      | Found a faded altar of an unknown god.
   895 | D:2      | Upgraded the game from 0.31-a0-538-gbc85326fa9 to
                  | 0.31-a0-542-gdc2a67831c
   899 | D:2      | Reached XP level 3. HP: 24/27 MP: 0/0
   899 | D:2      | Learned a level 1 spell: Sting
  1122 | D:2      | Reached XP level 4. HP: 26/32 MP: 0/0
  1455 | D:3      | Identified the +1 robe "Weiton" {-Tele Rampage Will+}
  1535 | D:3      | Reached skill level 2 in Fighting
  1748 | D:3      | Reached XP level 5. HP: 38/38 MP: 0/0
  1748 | D:3      | Learned a level 2 spell: Passwall
  2022 | D:3      | Found a snail-covered altar of Cheibriados.
  2215 | D:4      | Noticed an ogre
  2220 | D:4      | Killed an ogre
  2221 | D:4      | Reached XP level 6. HP: 35/45 MP: 0/0
  2255 | D:4      | Found a shimmering altar of Xom.
  2408 | D:4      | Found a white marble altar of Elyvilon.
  2550 | D:4      | Reached skill level 3 in Fighting
  2646 | D:4      | Noticed an ogre
  2654 | D:4      | Killed an ogre
  2655 | D:4      | Reached skill level 5 in Spellcasting
  2655 | D:4      | Reached skill level 5 in Conjurations
  2655 | D:4      | Reached skill level 5 in Hexes
  2655 | D:4      | Reached skill level 5 in Summonings
  2655 | D:4      | Reached skill level 5 in Necromancy
  2655 | D:4      | Reached skill level 5 in Translocations
  2655 | D:4      | Reached skill level 5 in Transmutations
  2655 | D:4      | Reached skill level 5 in Fire Magic
  2655 | D:4      | Reached skill level 5 in Ice Magic
  2655 | D:4      | Reached skill level 5 in Air Magic
  2655 | D:4      | Reached skill level 5 in Earth Magic
  2655 | D:4      | Reached skill level 5 in Poison Magic
  2771 | D:5      | Entered Level 5 of the Dungeon
  2861 | D:5      | Found a staircase to the Ecumenical Temple.
  2898 | Temple   | Entered the Ecumenical Temple
  2954 | D:5      | Noticed Grinder
  2963 | D:5      | Reached XP level 7. HP: 28/50 MP: 0/0
  2963 | D:5      | Learned a level 2 spell: Wereblood
  2981 | D:5      | Killed Grinder
  2982 | D:5      | Reached skill level 4 in Fighting
  3146 | D:5      | Noticed Sigmund
  3153 | D:5      | Killed Sigmund
  3154 | D:5      | Reached XP level 8. HP: 49/58 MP: 0/0
  3291 | D:5      | Reached skill level 5 in Fighting
  3381 | D:5      | Found a runed translucent door.
  3382 | D:5      | Noticed Crazy Yiuf
  3619 | D:5      | Killed Crazy Yiuf
  4020 | D:6      | Reached XP level 9. HP: 50/66 MP: 0/0
  4020 | D:6      | Learned a level 4 spell: Animate Armour
  4042 | D:6      | Reached skill level 6 in Fighting
  4473 | D:7      | Reached skill level 1 in Armour
  4485 | D:7      | Upgraded the game from 0.31-a0-542-gdc2a67831c to
                  | 0.31-a0-544-gceb718ecc6
  4669 | D:7      | Identified the +0 pair of gloves "Gegem" {Stlth+}
  4889 | D:7      | Reached skill level 5 in Dodging
  4911 | D:7      | Found a blossoming altar of Fedhas.
  5235 | D:8      | Noticed a skeletal warrior
  5269 | D:8      | Killed a skeletal warrior
  5270 | D:8      | Reached XP level 10. HP: 57/72 MP: 0/0
  5401 | D:8      | Noticed a skeletal warrior
  5412 | D:8      | Killed a skeletal warrior
  5413 | D:8      | Reached skill level 7 in Fighting
  5425 | D:8      | Noticed a skeletal warrior
  5438 | D:8      | Killed a skeletal warrior
  5439 | D:8      | Reached skill level 8 in Fighting
  5493 | D:8      | Reached skill level 9 in Fighting
  5798 | D:8      | Noticed a death yak
  5819 | D:8      | Killed a death yak
  5820 | D:8      | Reached XP level 11. HP: 24/85 MP: 0/0
  5820 | D:8      | Learned a level 4 spell: Petrify
  6061 | D:8      | Found a staircase to the Lair.
  6061 | D:8      | Noticed a skeletal warrior
  6074 | D:8      | Killed a skeletal warrior
  6075 | D:8      | Reached skill level 10 in Fighting
  6078 | D:8      | Noticed a death yak
  6079 | D:8      | Noticed a death yak
  6090 | D:8      | Killed a death yak
  6103 | D:8      | Killed a death yak
  6166 | D:8      | Reached skill level 1 in Evocations
  6283 | D:9      | Found a burning altar of Makhleb.
  6289 | D:9      | Found an iron altar of Okawaru.
  6333 | D:9      | Found a flagged portal.
  6344 | Bailey   | Entered a bailey
  6433 | Bailey   | Noticed an orc knight
  6458 | Bailey   | Killed an orc knight
  7051 | D:9      | Found a broken altar of Ashenzari.
  7053 | D:9      | Found a hazy altar of Hepliaklqana.
  7749 | D:10     | Entered Level 10 of the Dungeon
  8252 | D:10     | Reached XP level 12. HP: 64/91 MP: 0/0
  8762 | D:11     | Noticed a two-headed ogre
  8792 | D:11     | Noticed a two-headed ogre
  8802 | D:11     | Killed a two-headed ogre
  8874 | D:11     | Slain by a two-headed ogre

Illustrated notes

Levels and vault maps discovered:
D:1:      scummos_arrival_simple_fountains, layout_basic,
          chequers_ecumenical_altar_simple_redux, minmay_worlds_worst_comb
D:2:      layout_rooms
D:3:      layout_rooms, marbit_many_paths, nicolae_overflow_crystal_walls
D:4:      nicolae_BIG_FREAKIN_CUBE, layout_rooms,
          mainiacjoe_overflow_surrounded_room, mainiacjoe_overflow_24_doors,
          kennysheep_cross_room
D:5:      layout_cave_pools, minmay_temple_entry_glassed_door, uniq_sigmund,
          uniq_crazy_yiuf_cottage, uniq_grinder
D:6:      layout_rooms, minmay_misc_feat_enclosed,
          chequers_serial_rivers_room_a, hangedman_minor_gate_pass
D:7:      layout_cave_pools, general_overflow_altar,
          nicolae_concentric_dashed_squares_wild
D:8:      layout_cave_pools, dpeg_lair_monsters, serial_column_ruins,
          column_ruins_hut_pillars, column_ruins_corridor_corner,
          column_ruins_corridor_corner, column_ruins_open_medium,
          column_ruins_columns_straight, hangedman_abyss_or_decor_stabs
D:9:      layout_irregular_city, nicolae_overflow_hidden_temple, enter_bailey_7
D:10:     layout_cave_pods, serial_glass, glass_columns_a, glass_columns_b,
          worms_lemuel
D:11:     layout_cave_pools, kennysheep_orc_monster_closet_entryway,
          serial_rivers, chequers_serial_rivers_micro_c,
          chequers_serial_rivers_small_3, chequers_serial_rivers_large_a,
          chequers_serial_rivers_small_3
Temple:   nicolae_temple_no_exploring_needed

Skill      XL: |  1  2  3  4  5  6  7  8  9 10 11 12 |
---------------+-------------------------------------+-----
Fighting       | 1 2 3 4 5 6 9 10 | 10.0
Spellcasting   | 4 5 6 7 8 |  8.9
Conjurations   | 4 5 6 7 8 |  8.9
Hexes          | 4 5 6 7 8 |  8.9
Summonings     | 4 5 6 7 8 |  8.9
Necromancy     | 4 5 6 7 8 |  8.9
Translocations | 4 5 6 7 8 |  8.9
Transmutations | 4 5 6 7 8 |  8.9
Fire Magic     | 4 5 6 7 8 |  8.9
Ice Magic      | 4 5 6 7 8 |  8.9
Air Magic      | 4 5 6 7 8 |  8.9
Earth Magic    | 4 5 6 7 8 |  8.9
Poison Magic   | 4 5 6 7 8 |  8.9
Armour         | 6 8 9 |  9.2
Dodging        | 6 |  6.0
Evocations     | 4 |  4.0
Stealth        | |  1.5

Action                     |  1- 3 |  4- 6 |  7- 9 | 10-12 || total
---------------------------+-------+-------+-------+-------++-------
  Melee: Unarmed           |     3 |       |       |       ||     3
         Dagger            |     6 |       |       |       ||     6
         Short sword       |     1 |     4 |       |       ||     5
         Hand axe          |       |     4 |    18 |    30 ||    52
   Cast: Freeze            |    40 |    17 |     8 |       ||    65
         Sting             |     2 |    55 |    10 |     1 ||    68
         Frozen Ramparts   |       |    10 |    20 |    21 ||    51
         Ozocubu's Armour  |       |     6 |    20 |    20 ||    46
         Passwall          |       |     2 |       |       ||     2
         Summon Ice Beast  |       |     3 |    26 |    38 ||    67
         Wereblood         |       |       |     6 |     3 ||     9
         Animate Armour    |       |       |    12 |    43 ||    55
         Petrify           |       |       |       |     7 ||     7
  Evoke: Wand              |       |       |     8 |     3 ||    11
    Use: Scroll            |     1 |       |     5 |    17 ||    23
         Potion            |       |       |     2 |       ||     2
   Stab: Sleeping          |       |     1 |       |       ||     1
 Armour: Robe              |    16 |    20 |    25 |       ||    61
         Scale mail        |       |       |    23 |    90 ||   113
         Chain mail        |       |       |       |    42 ||    42
  Dodge: Dodged            |    26 |    53 |    63 |    57 ||   199

Table legend: (Time is in decaauts)
 A = Elapsed time spent in this place.
 B = Non-inter-level travel time spent in this place.
 C = Inter-level travel time spent in this place.
 D = Time resting spent in this place.
 E = Time spent auto-exploring this place.
 F = Levels seen in this place.
 G = Mean time per level.
                   A        B        C        D        E       F      G
               +--------+--------+--------+--------+--------+-----+--------+
         Total |   8892 |   8279 |    613 |   1353 |   4708 |  13 |  684.0 |
       Dungeon |   8483 |   7870 |    613 |   1221 |   4612 |  11 |  771.2 |
        Temple |     19 |     19 |      0 |      0 |      0 |   1 |   19.0 |
        Bailey |    388 |    388 |      0 |    132 |     96 |   1 |  388.0 |
               +--------+--------+--------+--------+--------+-----+--------+

Top non-repeatable levels by time:
     D:9: 1245 daAuts
    D:10: 933 daAuts
     D:5: 908 daAuts
     D:6: 895 daAuts
     D:1: 868 daAuts
     D:7: 854 daAuts
     D:3: 838 daAuts
     D:8: 787 daAuts
     D:4: 652 daAuts
     D:2: 410 daAuts
  Bailey: 388 daAuts
    D:11: 90 daAuts
  Temple: 19 daAuts
